 Dungeon Crawl Stone Soup version 0.29-b1-12-g9e2288ab2a (webtiles) character file.

Game seed: 12626316981692277784

1 LynnLen the Vexing (level 1, -1/10 HPs)
             Began as a Vampire Enchanter on Aug 24, 2022.
             Slain by a jackal (2 damage)
             ... on level 1 of the Dungeon.
             The game lasted 00:02:13 (71 turns).

LynnLen the Vexing (Vampire Enchanter)                Turns: 71, Time: 00:02:14

Health: -1/10      AC:  2    Str:  7    XL:     1   Next: 16%
Magic:  3/3        EV: 12    Int: 17    God:
Gold:   0          SH:  0    Dex: 14    Spells: 4/4 levels left

rFire   . . .      SeeInvis +   a - +1 dagger
rCold   + + .      Faith    .   (no shield)
rNeg    + + +      Spirit   .   b - +0 robe
rPois   ∞          Reflect  .   (no helmet)
rElec   .          Harm     .   (no cloak)
rCorr   .          Rampage  .   (no gloves)
Will    .....                   (no boots)
Stlth   +++++.....              (no amulet)
HPRegen 0.00/turn               (no ring)
MPRegen 0.08/turn               (no ring)

@: bloodless, inhibited regen, invisible
A: bloodless, fangs 3, see invisible, vampiric 1
a: Revivify


You were on level 1 of the Dungeon.
You visited 1 branch of the dungeon, and saw 1 of its levels.

Inventory:

Hand Weapons
 a - a +1 dagger (weapon)
Armour
 b - a +0 robe (worn)
Potions
 c - a potion of invisibility
 d - a potion of degeneration {unknown}


   Skills:
 + Level 0.1 Fighting
 - Level 1.1 Short Blades
 - Level 2.1 Dodging
 - Level 4.4 Stealth
 - Level 2.0 Spellcasting
 + Level 4.4 Hexes


You had 4 spell levels left.
You didn't know any spells.
Your spell library contained the following spells:

 Spells                   Type           Power      Damage    Failure   Level
 Confusing Touch          Hex            16%        N/A       10%         3
 Tukima's Dance           Hex            16%        N/A       10%         3
 Ensorcelled Hibernation  Hex/Ice        18%        N/A       12%         2
 Dazzling Flash           Conj/Hex       18%        N/A       24%         3


Dungeon Overview and Level Annotations

Branches:
Dungeon (1/15)

Altars:


Innate Abilities, Weirdness & Mutations

You do not regenerate when monsters are visible.
You are frail without blood (-20% HP).
You can heal yourself when you bite living creatures.
You are immune to poison.
You have razor-sharp teeth.
You have supernaturally acute eyesight. (SInv)
You are afflicted with vampirism.


Message History

Found a robe.
You begin bloodletting.
You continue bloodletting. x5
HP restored.
You become bloodless.
A jackal comes into view.
Found a buckler.
A jackal comes into view.
The jackal barks! x2
A hobgoblin comes into view.
Found 3 stones.
You see here a +0 buckler.
You hit the jackal.
The jackal is almost dead.
The jackal bites you. The jackal misses you.
The jackal stops to sniff the ground.
The jackal closely misses you. The jackal barely misses you.
You barely miss the jackal. The jackal barely misses you.
The jackal closely misses you.
You hit the jackal.
The jackal is lightly wounded.
The jackal closely misses you. The jackal barely misses you.
You hit the jackal.
The jackal is heavily wounded.
The jackal closely misses you. The jackal bites you.
The jackal closely misses you. The jackal barely misses you.
You hit the jackal.
The jackal is severely wounded.
The jackal closely misses you. The jackal bites you.
You hit the jackal.
You kill the jackal!
The jackal bites you but does no damage.
The jackal closely misses you. The jackal attacks as you move away!
The jackal bites you.
* * * LOW HITPOINT WARNING * * *
You fade into invisibility!
The jackal barely misses you. The jackal closely misses you.
The jackal closely misses you. The jackal closely misses you.
The jackal bites you.
You die...

+. ######..........
#.#.#....#...##..........
#......#.#...##....####..
.........#.........#.....
.........#...............
.........................
.......(.#......#........
.........##.....#........
........@...[...+........
.......h###.#####.....#..
....#.....#.# #.....#..
### #####.#.# #.....#
#.#.# #.....# #..[# #####


You could see a jackal (unable to see you).

Vanquished Creatures
  A jackal (D:1)
1 creature vanquished.

Notes
Turn   | Place    | Note
-------+----------+-------------------------------------------
     0 | D:1      | LynnLen the Vampire Enchanter began the quest for the Orb.
     0 | D:1      | Reached XP level 1. HP: 13/13 MP: 3/3
    71 | D:1      | Slain by a jackal

Illustrated notes

Levels and vault maps discovered:
D:1:      saegor_arrival_simple_a, layout_basic

Action                   || total
-------------------------++-------
Melee: Dagger            ||     6
 Abil: Exsanguinate      ||     1
  Use: Potion            ||     1
Armor: Robe              ||     1
Dodge: Dodged            ||    16
